 Dungeon Crawl Stone Soup version 0.28.0-43-g3370ac3207 (webtiles) character file.

Game seed: 1943114616864912219

5451 sking99 the Arsonist (level 10, -1/59 HPs)
             Began as a Gargoyle Fire Elementalist on Mar 17, 2022.
             Was a Believer of Sif Muna.
             Slain by an orc knight
             ... wielding a +0 war axe
              (12 damage)
             ... in a bailey.
             The game lasted 00:34:32 (13863 turns).

sking99 the Arsonist (Gargoyle Fire Elementalist)  Turns: 13863, Time: 00:34:32

Health: -1/59      AC: 14    Str: 14    XL:     10   Next: 68%
Magic:  11/16      EV: 11    Int: 18    God:    Sif Muna [**....]
Gold:   401        SH:  0    Dex: 10    Spells: 3/17 levels left

rFire   + . .      SeeInvis .   e - staff of fire
rCold   . . .      Faith    .   (no shield)
rNeg    + + .      Spirit   .   w - +0 acid dragon scales
rPois   ∞          Reflect  .   (no helmet)
rElec   +          Harm     .   (no cloak)
rCorr   +          Rampage  .   (no gloves)
Will    .....                   (no boots)
Stlth   +.........              (no amulet)
HPRegen 0.19/turn               f - ring of positive energy
MPRegen 0.15/turn               y - ring of resist corrosion

@: channelling
A: sickness immunity, AC +7, negative energy resistance 1, electricity
resistance, torment resistance 1, petrification resistance
a: Renounce Religion, Channel Magic


You were in a bailey.
You worshipped Sif Muna.
Sif Muna was pleased with you.
You visited 2 branches of the dungeon, and saw 10 of its levels.
You also visited: Bailey.

You collected 401 gold pieces.

Inventory:

Hand Weapons
 h - a +1 dagger
Missiles
 s - a throwing net
Armour
 v - +2 fire dragon scales
 w - +0 acid dragon scales (worn)
 C - an orb of energy
Magical Staves
 e - a staff of fire (weapon)
Jewellery
 f - a ring of positive energy (left hand)
 y - a ring of resist corrosion (right hand)
 A - a ring of positive energy
Wands
 j - a wand of digging (4)
 o - a wand of iceblast (11)
 p - a wand of acid (11)
Scrolls
 b - 2 scrolls of teleportation
 c - 3 scrolls of fear
 i - 3 scrolls of blinking
 q - a scroll of identify
 r - 2 scrolls of enchant weapon
 t - a scroll of enchant armour
 z - a scroll of fog {unknown}
Potions
 a - a potion of lignification
 d - a potion of ambrosia
 g - 6 potions of heal wounds
 k - 4 potions of curing
 l - a potion of might
 m - 2 potions of invisibility
 n - a potion of cancellation
 u - a potion of resistance
 x - a potion of berserk rage {unknown}
 B - 2 potions of mutation {unknown}


   Skills:
 - Level 5.2 Fighting
 - Level 3.0 Armour
 - Level 1.5 Dodging
 - Level 2.1 Stealth
 - Level 4.0 Spellcasting
 + Level 8.2 Conjurations
 + Level 9.0 Fire Magic
 - Level 2.0 Air Magic
 - Level 4.0 Poison Magic
 - Level 7.0 Invocations


You had 3 spell levels left.
You knew the following spells:

 Your Spells              Type           Power      Damage    Failure   Level
a - Foxfire               Conj/Fire      100%       2x1d9     1%          1
b - Magic Dart            Conj           100%       1d8       1%          1
c - Scorch                Fire           100%       2d10      1%          2
d - Flame Wave            Conj/Fire      51%        2d10      6%          4
e - Mephitic Cloud        Conj/Pois/Air  20%        N/A       9%          3
f - Inner Flame           Hex/Fire       29%        N/A       10%         3

Your spell library contained the following spells:

 Spells                   Type           Power      Damage    Failure   Level
 Conjure Flame            Conj/Fire      51%        6-21      1%          3
 Beastly Appendage        Tmut           6%         N/A       21%         1
 Spider Form              Tmut/Pois      10%        N/A       26%         3
 Call Imp                 Summ           3%         N/A       30%         2
 Wereblood                Tmut           3%         N/A       30%         2
 Leda's Liquefaction      Hex/Erth       1%         N/A       90%         4
 Lee's Rapid Deconstruct  Erth           1%         3d5*      99%         5
 Statue Form              Tmut/Erth      Unusable   N/A       N/A         6

Dungeon Overview and Level Annotations

Branches:
Dungeon (9/15)             Temple (1/1) D:5            Lair (0/6) D:9
 Bailey (1/1)
    Orc: D:9-12

Altars:
Ashenzari
Cheibriados
Dithmenos
Elyvilon
Fedhas
Gozag
Makhleb
Nemelex Xobeh
Okawaru
Qazlal
Ru
Sif Muna
Trog
Uskayaw
Vehumet
Wu Jian
Xom
Zin
Jiyva

Shops:
D:7 *   D:8 *((   D:9 ?


Innate Abilities, Weirdness & Mutations

You are immune to sickness and miasma.
Your stone body is resilient. (AC +7)
You are immune to poison.
You resist negative energy. (rN+)
You are resistant to electric shocks. (rElec)
You are resistant to unholy torment.
You are immune to petrification.


Message History

Press: ? - help, Dir - look around, f - activate You feel a surge of power!
A wave of flame ripples out!
The flame wave engulfs the orc warrior!
The orc warrior is heavily wounded. (Press . to intensify the flame waves.)
The orc knight roars a battlecry!
The orc warrior goes into a battle-frenzy!
The orc warrior barely misses you.
A wave of flame ripples out!
The flame wave engulfs the orc warrior!
The orc warrior is severely wounded.
The flame wave engulfs the orc knight but does no damage.
The orc knight is lightly wounded.
Without enough magic to sustain them, the waves of flame dissipate.
The orc warrior hits you with a +0 battleaxe!!
The orc knight hits you with a +0 war axe.
Casting: Flame Wave (dangerous; 6% risk of failure)
Confirm with . or Enter, or press ? or * to list all spells.
Casting: Flame Wave (dangerous; 6% risk of failure)
Press: ? - help, Dir - look around, f - activate You feel a surge of power!
A wave of flame ripples out!
The flame wave engulfs the orc knight.
The orc knight is lightly wounded.
The flame wave engulfs the orc warrior.
The orc warrior is severely wounded. (Press . to intensify the flame waves.)
The orc warrior closely misses you.
The orc knight hits you with a +0 war axe.
* * * LOW HITPOINT WARNING * * *
A wave of flame ripples out!
The flame wave engulfs the orc knight.
The orc knight is moderately wounded.
The flame wave engulfs the orc warrior!
You kill the orc warrior!
Sif Muna accepts your kill.
The orc knight hits you with a +0 war axe.
* * * LOW HITPOINT WARNING * * *
A wave of flame ripples out!
The flame wave engulfs the orc knight!
The orc knight is heavily wounded.
You finish channelling waves of flame.
The orc knight hits you with a +0 war axe!
You die...

#####≈≈.......≈≈#####
##≈...)...≈##
####..)#### #o..#
#(((# #)(.# ##'''##
##.o∩..## #..@....#
#...∩...# ##.....##
#######


You could see an orc knight and an orc warrior.

Vanquished Creatures
  An orc knight (Bailey)
  A shadow (D:9)
  6 yaks
  A steam dragon (D:9)
  2 wargs (D:8)
  An acid dragon (D:8)
  A black bear (shapeshifter) (D:8)
  A sky beast (D:8)
  6 orc warriors
  A black bear (D:5)
  3 ogres
  A necrophage (D:6)
  2 centaurs
  6 kobold brigands
  3 scorpions
  2 bullfrogs
  2 wyvern zombies
  8 wights
  A howler monkey (D:7)
  An electric eel (D:9)
  A centaur zombie (D:7)
  3 crimson imps (D:6)
  A bullfrog zombie (D:6)
  3 hounds
  3 jellies
  2 orc priests
  A centaur skeleton (D:7)
  4 iguanas
  Terence (D:2)
  6 orc wizards
  A killer bee zombie (D:8)
  4 howler monkey zombies
  2 adders
  9 gnolls
  2 white imps
  2 adder skeletons (D:4)
  2 worms
  3 dart slugs
  27 orcs
  6 bats
  8 endoplasms
  4 giant cockroaches
  12 goblins
  7 hobgoblins
  4 jackals (D:4)
  3 quokkas
  10 ball pythons
  2 frilled lizards
  21 kobolds
  4 rats
208 creatures vanquished.

Vanquished Creatures (others)
  729 foxfires
729 creatures vanquished.

Grand Total: 937 creatures vanquished

Notes
Turn   | Place    | Note
-------+----------+-------------------------------------------
     0 | D:1      | sking99 the Gargoyle Fire Elementalist began the quest for
                  | the Orb.
     0 | D:1      | Reached XP level 1. HP: 10/10 MP: 3/3
   302 | D:1      | Reached XP level 2. HP: 14/16 MP: 0/5
   441 | D:1      | Learned a level 2 spell: Scorch
   469 | D:1      | Found a faded altar of an unknown god.
   862 | D:1      | Reached skill level 1 in Fighting
   880 | D:1      | Reached XP level 3. HP: 18/20 MP: 0/6
  1672 | D:2      | Noticed Terence
  1679 | D:2      | Killed Terence
  1680 | D:2      | Reached XP level 4. HP: 21/25 MP: 0/7
  2081 | D:2      | Learned a level 3 spell: Inner Flame
  2156 | D:2      | Reached skill level 4 in Fire Magic
  3072 | D:2      | Reached XP level 5. HP: 30/30 MP: 4/9
  3498 | D:3      | Found a white marble altar of Elyvilon.
  3704 | D:3      | Identified the +6 scale mail "Hyillak" {MP+9}
  4166 | D:3      | Learned a level 1 spell: Magic Dart
  4207 | D:3      | You fall into a shaft and drop 1 floor!
  4735 | D:4      | Identified a scroll of acquirement
  4735 | D:4      | Acquired a staff of fire
  4792 | D:4      | Reached XP level 6. HP: 34/36 MP: 4/10
  5209 | D:4      | Reached skill level 5 in Fire Magic
  6183 | D:5      | Entered Level 5 of the Dungeon
  6183 | D:5      | Found a snail-covered altar of Cheibriados.
  6338 | D:5      | Reached XP level 7. HP: 41/41 MP: 4/12
  6455 | D:5      | Found a stormy altar of Qazlal.
  6457 | D:5      | Noticed a fire elemental
  6458 | D:5      | Noticed a water elemental
  6458 | D:5      | Noticed an air elemental
  6627 | D:5      | Found a staircase to the Ecumenical Temple.
  6645 | Temple   | Entered the Ecumenical Temple
  6765 | Temple   | Became a worshipper of Sif Muna the Loreminder
  7320 | D:5      | Reached skill level 6 in Fire Magic
  7358 | D:5      | Reached XP level 8. HP: 48/48 MP: 3/14
  8063 | D:6      | Reached skill level 5 in Conjurations
  8145 | D:6      | Found a broken altar of Ashenzari.
  8177 | D:6      | Reached skill level 5 in Fighting
  8481 | D:6      | Found a sparkling altar of Nemelex Xobeh.
  8621 | D:6      | Learned a level 3 spell: Mephitic Cloud
  8626 | D:6      | Learned a level 4 spell: Flame Wave
  8632 | D:6      | Reached skill level 7 in Fire Magic
  9012 | D:6      | Reached skill level 1 in Armour
  9076 | D:6      | Found a shimmering altar of Xom.
  9093 | D:6      | Reached skill level 1 in Poison Magic
  9134 | D:6      | Reached * piety under Sif Muna
  9135 | D:6      | Reached skill level 1 in Air Magic
  9300 | D:7      | Reached XP level 9. HP: 54/54 MP: 9/15
  9581 | D:7      | Found an iron altar of Okawaru.
 10200 | D:7      | Found Osturph's Lightly-Used Armoury.
 10903 | D:8      | Found Vuxiecic's Antique Weapon Shop.
 10918 | D:8      | Reached skill level 1 in Invocations
 11556 | D:8      | Found Suilousha's Assorted Antiques.
 11579 | D:8      | Reached skill level 8 in Fire Magic
 11740 | D:8      | Found Fuas's Weapon Shoppe.
 12120 | D:8      | Reached ** piety under Sif Muna
 12740 | D:9      | Noticed a hornet
 12891 | D:9      | Reached XP level 10. HP: 49/59 MP: 5/16
 13023 | D:8      | Reached skill level 5 in Invocations
 13155 | D:9      | Found Pil Ceen's Magic Scroll Boutique.
 13247 | D:9      | Found a flagged portal.
 13254 | Bailey   | Entered a bailey
 13477 | Bailey   | Noticed an orc knight
 13489 | Bailey   | Killed an orc knight
 13813 | Bailey   | Noticed an orc knight
 13832 | Bailey   | Reached skill level 9 in Fire Magic
 13863 | Bailey   | Slain by an orc knight

Illustrated notes

Levels and vault maps discovered:
D:1:      evilmike_arrival_home_sweet_home, layout_rooms,
          hellmonk_ecumenical_altar_blasted, minmay_tromino_mix6
D:2:      layout_basic, serial_glass, glass_columns_c, glass_columns_c,
          glass_columns_b, uniq_terence
D:3:      layout_loops_ring, mainiacjoe_overflow_boulevard,
          chequers_serial_rivers_micro_c
D:4:      layout_loops_ring
D:5:      layout_layer_cave, nicolae_qazlal_style_of_elements,
          mainiacjoe_overflow_concentric_impassable,
          minmay_temple_entry_slanted, chequers_serial_rivers_marsh
D:6:      layout_basic, nicolae_ashenzari_panopticon, led_xom_imps,
          nemelex_diamond_rough_becter
D:7:      layout_loops_ring, mainiacjoe_overflow_brackets, minmay_shop_damaged
D:8:      layout_layer_cave, serial_shops, shop, shop, shop
D:9:      layout_roguey, old_standard_altar, worldfamousw_hep_ancestral_shrine,
          erik_lair_orcish_takeover, enter_bailey_4, serial_shops,
          nicolae_shop_behind_doors, nicolae_shop_stone, shop, minivault_16,
          grunt_ministairs_13, minmay_misc_feat_doors, hive_lemuel
Temple:   pf_slimified_temple
Bailey:   bailey_axe_3, bailey

Skill      XL: |  1  2  3  4  5  6  7  8  9 10 |
---------------+-------------------------------+-----
Fighting       | 1 2 3 4 5 |  5.2
Conjurations   | 2 3 4 5 7 8 |  8.2
Fire Magic     | 4 5 6 7 8 9 |  9.0
Spellcasting   | 3 4 |  4.0
Armour         | 1 3 |  3.0
Poison Magic   | 1 3 4 |  4.0
Air Magic      | 1 2 |  2.0
Invocations    | 4 7 |  7.0
Dodging        | |  1.5
Stealth        | |  2.1

Action                   |  1- 3 |  4- 6 |  7- 9 | 10-12 || total
-------------------------+-------+-------+-------+-------++-------
Melee: Unarmed           |     1 |       |       |       ||     1
       Dagger            |     2 |     2 |       |       ||     4
       Staff             |       |     1 |     6 |     2 ||     9
 Cast: Foxfire           |    51 |   130 |   199 |    27 ||   407
       Scorch            |     3 |    33 |    32 |     8 ||    76
       Magic Dart        |       |    10 |    13 |       ||    23
       Flame Wave        |       |       |     3 |    10 ||    13
       Mephitic Cloud    |       |       |       |     1 ||     1
Invok: Channel Magic     |       |       |       |     2 ||     2
  Use: Scroll            |       |     9 |    11 |     1 ||    21
Armor: Robe              |    18 |     3 |    20 |       ||    41
       Acid dragon scale |       |       |     5 |    19 ||    24
Dodge: Dodged            |    31 |    18 |    33 |    36 ||   118
